[Event "XVII Orsha-2019 Open"]
[Site "Orsha"]
[Date "2019.01.18"]
[Round "1.10"]
[White "Loshakov, Dmitry"]
[Black "Vorobjov, Pavel"]
[Result "0-1"]
[ECO "A48"]
[WhiteElo "1852"]
[BlackElo "2296"]
[PlyCount "92"]
[EventDate "2019.01.18"]
[EventType "swiss"]
[EventCountry "BLR"]
[TimeControl "5400+30"]

1. d4 Nf6 2. Nf3 g6 3. Bg5 Bg7 4. Nbd2 O-O 5. c3 d6 6. e4 c5 7. Be2 b6 8. Qc2 Bb7 9. O-O-O cxd4 10. Nxd4 Nc6 11. Nxc6 Bxc6 12. h4 Qe8 13. h5 Ba4 14. Nb3 Rc8 15. hxg6 fxg6 16. Bh6 Qf7 17. Bxg7 Kxg7 18. Rd4 b5 19. Kb1 Rc5 20. Rxa4 bxa4 21. Nxc5 dxc5 22. Qxa4 Qe6 23. f3 Rd8 24. Rd1 Rxd1+ 25. Qxd1 Qe5 26. Bc4 h5 27. a4 h4 28. Qe1 g5 29. Kc2 Nh5 30. b4 Nf4 31. Bf1 Qe6 32. c4 Qd6 33. g3 Ne6 34. gxh4 Nd4+ 35. Kb1 Qh2 36. Qd1 gxh4 37. bxc5 Qg1 38. Kc1 Qg5+ 39. Kb1 Qxc5 40. f4 Qb4+ 41. Ka2 Qc3 42. Bd3 Kf8 43. Qb1 h3 44. e5 h2 45. Be4 Qxc4+ 46. Kb2 Qb3+ 0-1

[Event "XVII Orsha-2019 Open"]
[Site "Orsha"]
[Date "2019.01.18"]
[Round "1.12"]
[White "Afonasieva, Anna"]
[Black "Ivanov, Igor"]
[Result "1-0"]
[ECO "E63"]
[WhiteElo "2265"]
[BlackElo "2131"]
[PlyCount "45"]
[EventDate "2019.01.18"]
[EventType "swiss"]
[EventCountry "BLR"]
[TimeControl "5400+30"]

1. d4 Nf6 2. Nf3 g6 3. c4 Bg7 4. g3 O-O 5. Bg2 d6 6. O-O Nc6 7. Nc3 a6 8. h3 Rb8 9. e4 Na5 10. Qe2 b5 11. cxb5 axb5 12. b4 Nc6 13. a3 Na7 14. Be3 Bd7 15. d5 Nc8 16. Nd4 Qe8 17. Rac1 e5 18. Nc6 Bxc6 19. dxc6 Qxc6 20. Nd5 Qa6 21. Nxc7 Qxa3 22. Ra1 Qxb4 23. Na6 1-0

[Event "XVII Orsha-2019 Open"]
[Site "Orsha"]
[Date "2019.01.18"]
[Round "1.13"]
[White "Sychou, Dzmitry"]
[Black "Cherepov, Alexej"]
[Result "0-1"]
[ECO "A36"]
[WhiteElo "1847"]
[BlackElo "2226"]
[PlyCount "70"]
[EventDate "2019.01.18"]
[EventType "swiss"]
[EventCountry "BLR"]
[TimeControl "5400+30"]

1. c4 c5 2. g3 Nf6 3. Bg2 Nc6 4. Nc3 e6 5. e4 Be7 6. Nge2 O-O 7. O-O a6 8. d3 Rb8 9. h3 b5 10. b3 d6 11. f4 Qc7 12. Be3 Re8 13. Qd2 Bf8 14. d4 bxc4 15. bxc4 cxd4 16. Nxd4 Na5 17. Na4 Nxc4 18. Rfc1 d5 19. e5 Nd7 20. Qc2 Nc5 21. Bf2 Bd7 22. Nxc5 Bxc5 23. Nb3 Ba3 24. Rd1 Rec8 25. Qe2 Ba4 26. Rab1 a5 27. Bd4 Bb5 28. Qh5 g6 29. Qg4 a4 30. Nc1 Bc5 31. Ne2 Ne3 32. Bxe3 Bxe3+ 33. Kh2 Qc2 34. Bf3 Bxe2 35. Bxe2 Rxb1 0-1

[Event "XVII Orsha-2019 Open"]
[Site "Orsha"]
[Date "2019.01.18"]
[Round "1.14"]
[White "Shkalov, Oleg"]
[Black "Petrosyan, Sahak"]
[Result "1-0"]
[ECO "D02"]
[WhiteElo "2225"]
[BlackElo "1835"]
[PlyCount "59"]
[EventDate "2019.01.18"]
[EventType "swiss"]
[EventCountry "BLR"]
[TimeControl "5400+30"]

1. d4 d5 2. Bf4 e6 3. Nf3 Bd6 4. Bg3 c5 5. e3 Nc6 6. c3 Nf6 7. Bd3 O-O 8. Nbd2 Re8 9. Ne5 Bxe5 10. dxe5 Nd7 11. f4 c4 12. Bc2 Qb6 13. O-O Qxe3+ 14. Kh1 f5 15. exf6 Nxf6 16. Bh4 Rf8 17. Bf2 Qxf4 18. Bc5 Qh6 19. Bxf8 Kxf8 20. Nf3 Kg8 21. Qe1 b5 22. Qg3 Bd7 23. Rae1 Re8 24. Qd6 Qh5 25. Ne5 Nxe5 26. Rxe5 Qh6 27. h3 Bc8 28. Qc7 Nd7 29. Qc6 g5 30. Bf5 1-0

[Event "XVII Orsha-2019 Open"]
[Site "Orsha"]
[Date "2019.01.18"]
[Round "1.15"]
[White "Poliakova, Varvara"]
[Black "Egorenkov, Igor"]
[Result "1-0"]
[ECO "B33"]
[WhiteElo "1835"]
[BlackElo "2213"]
[PlyCount "113"]
[EventDate "2019.01.18"]
[EventType "swiss"]
[EventCountry "BLR"]
[TimeControl "5400+30"]

1. e4 c5 2. Nf3 Nc6 3. d4 cxd4 4. Nxd4 Nf6 5. Nc3 e5 6. Ndb5 d6 7. Bg5 a6 8. Na3 b5 9. Nd5 Be7 10. Bxf6 Bxf6 11. c3 O-O 12. Nc2 Rb8 13. Nce3 Bg5 14. Be2 Bxe3 15. Nxe3 Be6 16. Qd2 Ne7 17. O-O Qb6 18. b3 Rfd8 19. Bf3 a5 20. Rfd1 Qc5 21. Rac1 Rbc8 22. g3 h6 23. h4 Qa3 24. Nd5 Bxd5 25. exd5 Rc5 26. Rc2 Rdc8 27. Rdc1 f5 28. Bg2 e4 29. c4 bxc4 30. bxc4 Ng6 31. Rc3 Qa4 32. Bh3 Rf8 33. Qb2 Ne5 34. Qb6 Qd7 35. Qb1 Nf3+ 36. Kg2 g5 37. Qxe4 g4 38. Bxg4 fxg4 39. Qg6+ Qg7 40. Qxd6 Rcc8 41. Re3 Rf6 42. Re6 Rcf8 43. Rb1 Kh7 44. Rxf6 Rxf6 45. Qc5 Rf7 46. Qe3 Qd4 47. Qxd4 Nxd4 48. Rd1 Nf5 49. d6 Rd7 50. c5 Kg6 51. Rc1 Rd8 52. c6 Rxd6 53. c7 Ne7 54. c8=Q Nxc8 55. Rxc8 Rd4 56. Rc6+ Kh7 57. h5 1-0

[Event "XVII Orsha-2019 Open"]
[Site "Orsha"]
[Date "2019.01.18"]
[Round "1.16"]
[White "Paniagua Chnelik, Sebastian"]
[Black "Prutskov, Aleksei"]
[Result "0-1"]
[ECO "A06"]
[WhiteElo "2188"]
[BlackElo "1824"]
[PlyCount "94"]
[EventDate "2019.01.18"]
[EventType "swiss"]
[EventCountry "BLR"]
[TimeControl "5400+30"]

1. b3 d5 2. Bb2 Nf6 3. e3 c5 4. Nf3 Nc6 5. Bb5 Bf5 6. Ne5 Qc7 7. d3 e6 8. Nd2 Bd6 9. Bxc6+ bxc6 10. f4 O-O-O 11. Qe2 h5 12. e4 Bh7 13. O-O-O Qb7 14. g3 Kb8 15. Nxf7 Qxf7 16. e5 Bc7 17. exf6 gxf6 18. Rde1 Rhe8 19. Nf3 Ba5 20. Rd1 d4 21. Kb1 Bf5 22. Bc1 Qb7 23. h3 Bc3 24. Nd2 Bxd2 25. Rxd2 Bg6 26. g4 e5 27. fxe5 fxe5 28. gxh5 Bh7 29. Rg1 e4 30. dxe4 Bxe4 31. Qc4 Qb5 32. Qf7 Rf8 33. Qe7 Rfe8 34. Qf7 Rf8 35. Qg7 c4 36. Rxd4 Bxc2+ 37. Kxc2 cxb3+ 38. axb3 Rf2+ 39. Rd2 Qf5+ 40. Kb2 Rdxd2+ 41. Bxd2 Rxd2+ 42. Kc3 Qd3+ 43. Kb4 Qb5+ 44. Kc3 Rd3+ 45. Kb2 Qxb3+ 46. Ka1 Qa3+ 47. Kb1 Rb3+ 0-1

[Event "XVII Orsha-2019 Open"]
[Site "Orsha"]
[Date "2019.01.18"]
[Round "1.17"]
[White "Grigoryan, Aram"]
[Black "Siniauski, Artsiom"]
[Result "0-1"]
[ECO "D85"]
[WhiteElo "1786"]
[BlackElo "2182"]
[PlyCount "114"]
[EventDate "2019.01.18"]
[EventType "swiss"]
[EventCountry "BLR"]
[TimeControl "5400+30"]

1. d4 Nf6 2. c4 g6 3. Nc3 d5 4. cxd5 Nxd5 5. e4 Nxc3 6. bxc3 Bg7 7. Nf3 c5 8. Be3 Nc6 9. Rc1 cxd4 10. cxd4 O-O 11. Qd2 Bg4 12. d5 Bxf3 13. gxf3 Ne5 14. Be2 Qd7 15. f4 Ng4 16. Bd4 Nf6 17. Qd3 e6 18. Bxf6 Bxf6 19. e5 Bg7 20. d6 Qa4 21. Rc4 Qxa2 22. O-O b5 23. Rd4 Rab8 24. Bd1 a5 25. Bc2 Rfc8 26. d7 Rd8 27. Rb1 Bf8 28. Qd1 Bc5 29. Bb3 Qxb1 30. Qxb1 Bxd4 31. Qa2 Rb6 32. f5 gxf5 33. Qd2 Rxd7 34. Qg5+ Kf8 35. Qf6 Bc5 36. Qh8+ Ke7 37. Qc8 Bb4 38. h4 a4 39. Ba2 h5 40. Qc1 Kd8 41. Qg5+ Kc7 42. Qxh5 Bc5 43. Qe2 Rd4 44. h5 Rf4 45. h6 Rxf2 46. Qh5 Rxa2+ 47. Kh1 Rc6 48. Qxf7+ Kb6 49. Qe8 Bd4 50. Qd8+ Kc5 51. h7 Bxe5 52. h8=Q Bxh8 53. Qxh8 Rc2 54. Qa1 Kb4 55. Qe1+ Ka3 56. Qe3+ Ka2 57. Qf4 Rb2 0-1

[Event "XVII Orsha-2019 Open"]
[Site "Orsha"]
[Date "2019.01.18"]
[Round "1.18"]
[White "Galkin, Gleb"]
[Black "Klachkou, Platon"]
[Result "1-0"]
[ECO "D45"]
[WhiteElo "2156"]
[BlackElo "1771"]
[PlyCount "55"]
[EventDate "2019.01.18"]
[EventType "swiss"]
[EventCountry "BLR"]
[TimeControl "5400+30"]

1. d4 Nf6 2. Nf3 e6 3. c4 d5 4. Nc3 Nbd7 5. e3 c6 6. Qc2 Bd6 7. b3 O-O 8. Bd3 b6 9. O-O Bb7 10. e4 dxe4 11. Nxe4 Nxe4 12. Bxe4 h6 13. Bb2 Qc7 14. Rfd1 Rad8 15. c5 bxc5 16. dxc5 Bxc5 17. Rxd7 Qxd7 18. Qxc5 Qd1+ 19. Ne1 Qe2 20. Qe5 Qg4 21. Nf3 f6 22. h3 fxe5 23. hxg4 Rf4 24. Re1 Rxg4 25. Nxe5 Rf4 26. f3 Rff8 27. Ba3 Rf4 28. g3 1-0

[Event "XVII Orsha-2019 Open"]
[Site "Orsha"]
[Date "2019.01.18"]
[Round "1.19"]
[White "Viikmaa, Karmen"]
[Black "Budnikov, Sergei"]
[Result "1/2-1/2"]
[ECO "A12"]
[WhiteElo "1706"]
[BlackElo "2152"]
[PlyCount "46"]
[EventDate "2019.01.18"]
[EventType "swiss"]
[EventCountry "BLR"]
[TimeControl "5400+30"]

1. Nf3 Nf6 2. g3 d5 3. Bg2 c6 4. O-O Bf5 5. d3 e6 6. Re1 Be7 7. Nbd2 O-O 8. c4 h6 9. b3 Nbd7 10. Bb2 Bh7 11. Nf1 Bd6 12. Qd2 Qe7 13. a3 e5 14. b4 d4 15. e3 dxe3 16. Nxe3 Rfd8 17. Nh4 Bc7 18. Nef5 Qf8 19. Ne3 Nb6 20. Bf1 Rd7 21. Qc2 Rad8 22. Rad1 c5 23. Qb3 Nc8 1/2-1/2

[Event "XVII Orsha-2019 Open"]
[Site "Orsha"]
[Date "2019.01.18"]
[Round "1.20"]
[White "Vashchilov, Sergey"]
[Black "Davidov, Alexey"]
[Result "1-0"]
[ECO "A30"]
[WhiteElo "2134"]
[BlackElo "1688"]
[PlyCount "143"]
[EventDate "2019.01.18"]
[EventType "swiss"]
[EventCountry "BLR"]
[TimeControl "5400+30"]

1. Nf3 Nf6 2. b3 g6 3. Bb2 Bg7 4. e3 c5 5. Be2 O-O 6. c4 Nc6 7. O-O b6 8. d4 cxd4 9. Nxd4 Bb7 10. Bf3 Qc8 11. Nc2 Rd8 12. Nc3 e6 13. Rb1 Ne7 14. Ba3 Nf5 15. Nd4 Nxd4 16. exd4 d5 17. Nb5 Bf8 18. Bxf8 Kxf8 19. Qd2 Kg7 20. Rbc1 Qd7 21. Qf4 dxc4 22. Bxb7 Qxb7 23. bxc4 Qe4 24. Qxe4 Nxe4 25. Rfd1 Rd7 26. f3 Nf6 27. Kf2 Rad8 28. Ke3 Ne8 29. Rc3 Nd6 30. Nxd6 Rxd6 31. Ra3 R6d7 32. Rc3 Kf6 33. a4 Ke7 34. Ra3 Rc8 35. Rc1 Rdc7 36. Kd3 Kd6 37. Rb3 Kd7 38. Rb5 Kd6 39. a5 bxa5 40. Rxa5 Ke7 41. c5 Kd7 42. Rca1 Ra8 43. Ke4 Ke7 44. Ra6 Kd7 45. h4 h5 46. g4 hxg4 47. fxg4 Ke7 48. Ke5 Rd7 49. Ke4 Rc7 50. h5 gxh5 51. gxh5 Kf6 52. Rf1+ Kg7 53. Ke5 Rd7 54. Rd6 Rc7 55. c6 Rh8 56. Rd7 Rxh5+ 57. Kd6 Rc8 58. Rfxf7+ Kg6 59. Rg7+ Kf5 60. c7 Rhh8 61. Rgf7+ Ke4 62. Kxe6 Rhe8+ 63. Rfe7 Rh8 64. d5 a5 65. Kd6+ Kd4 66. Rh7 Rhg8 67. Kc6 Ke4 68. Rdg7 Rgf8 69. Rh4+ Kd3 70. d6 Ra8 71. Kb7 a4 72. d7 1-0

[Event "XVII Orsha-2019 Open"]
[Site "Orsha"]
[Date "2019.01.18"]
[Round "1.21"]
[White "Volchkov, Ivan"]
[Black "Runets, Ivan"]
[Result "0-1"]
[ECO "D55"]
[WhiteElo "1685"]
[BlackElo "2118"]
[PlyCount "132"]
[EventDate "2019.01.18"]
[EventType "swiss"]
[EventCountry "BLR"]
[TimeControl "5400+30"]

1. d4 Nf6 2. Nf3 e6 3. c4 d5 4. Bg5 Be7 5. e3 O-O 6. Nc3 b6 7. cxd5 exd5 8. Bd3 Bb7 9. O-O Nbd7 10. Qc2 h6 11. Bh4 Re8 12. Rab1 c5 13. dxc5 bxc5 14. Rfd1 Qb6 15. Bf5 Rad8 16. Bxd7 Rxd7 17. Na4 Qb4 18. a3 Qe4 19. Qxe4 Nxe4 20. Bxe7 Rdxe7 21. Rbc1 c4 22. Nd4 g6 23. Nc3 Nc5 24. Ndb5 Nd3 25. Rc2 Ba6 26. Nd6 Rd8 27. Ndb5 Bxb5 28. Nxb5 Rb7 29. Nc3 Rb3 30. Kf1 Kg7 31. Rb1 f5 32. Ne2 Rdb8 33. Nc3 Nxb2 34. Nxd5 Nd3 35. Rd1 R8b5 36. Nc7 Rb7 37. Rxc4 Rxa3 38. Ne6+ Kf6 39. Rxd3 Rxd3 40. Nc5 Rd1+ 41. Ke2 Rbb1 42. Nd3 Rg1 43. Rc6+ Kg7 44. Rc7+ Kf8 45. Rxa7 Rxg2 46. Nf4 Rgg1 47. Kf3 Rb6 48. Nd3 Re6 49. Nf4 Re7 50. Ra6 Kf7 51. Nd5 Rb7 52. Rf6+ Kg7 53. Ra6 Rgb1 54. Kf4 Rd1 55. Nc3 Rd2 56. Kg3 Rbb2 57. Ra7+ Kf6 58. f4 Rg2+ 59. Kh3 Rxh2+ 60. Kg3 Rhg2+ 61. Kh3 Rgd2 62. Ra6+ Kf7 63. Ra7+ Ke6 64. Ra6+ Rd6 65. Ra8 Rd3 66. Ra6+ Kd7 0-1

[Event "XVII Orsha-2019 Open"]
[Site "Orsha"]
[Date "2019.01.18"]
[Round "1.22"]
[White "Silich, Yahor"]
[Black "Ghevondyan, Arman"]
[Result "1-0"]
[ECO "B31"]
[WhiteElo "2116"]
[BlackElo "1679"]
[PlyCount "67"]
[EventDate "2019.01.18"]
[EventType "swiss"]
[EventCountry "BLR"]
[TimeControl "5400+30"]

1. e4 c5 2. Nf3 Nc6 3. Bb5 g6 4. O-O Bg7 5. Re1 Nh6 6. c3 O-O 7. d4 cxd4 8. cxd4 d6 9. h3 f6 10. Nc3 Nf7 11. Be3 f5 12. Rc1 a6 13. Ba4 Na5 14. Qe2 fxe4 15. Nxe4 b5 16. Bc2 Nc4 17. Neg5 Nxe3 18. Nxf7 Rxf7 19. Qxe3 Bf6 20. Bb3 d5 21. Ne5 Rg7 22. Rc5 e6 23. a4 Be7 24. Nc6 Qe8 25. Nxe7+ Rxe7 26. Bxd5 Raa7 27. Bc6 Bd7 28. axb5 axb5 29. Bd5 Kf8 30. Bb3 Ra6 31. Qe5 Kg8 32. d5 Qf7 33. Rc7 Be8 34. d6 1-0

[Event "XVII Orsha-2019 Open"]
[Site "Orsha"]
[Date "2019.01.18"]
[Round "1.23"]
[White "Sokolov, Sergey"]
[Black "Papunidi, Matvey"]
[Result "0-1"]
[ECO "D02"]
[WhiteElo "1756"]
[BlackElo "2113"]
[PlyCount "70"]
[EventDate "2019.01.18"]
[EventType "swiss"]
[EventCountry "BLR"]
[TimeControl "5400+30"]

1. d4 d5 2. Bf4 Nf6 3. Nf3 c5 4. e3 Nc6 5. c3 Qb6 6. Qb3 c4 7. Qxb6 axb6 8. Nbd2 b5 9. b4 Bf5 10. a3 Nh5 11. Bc7 Kd7 12. Bb6 Ra6 13. Nh4 Be6 14. f4 f5 15. Be2 Nf6 16. Bc5 b6 17. Nhf3 bxc5 18. dxc5 g6 19. Nd4 Nxd4 20. exd4 Bg7 21. O-O Rha8 22. Nb1 Ne4 23. Rf3 h6 24. h4 Bf6 25. g3 g5 26. hxg5 hxg5 27. fxg5 Bxg5 28. Bd1 Kc7 29. Kg2 Bd7 30. Bc2 Rh8 31. Bxe4 fxe4 32. Rf7 Rah6 33. Rg7 Rh2+ 34. Kf1 Rh1+ 35. Ke2 R8h2# 0-1

[Event "XVII Orsha-2019 Open"]
[Site "Orsha"]
[Date "2019.01.18"]
[Round "1.24"]
[White "Strybuk, Artsiom I"]
[Black "Dolgopyatov, Evgeniy"]
[Result "1-0"]
[ECO "E01"]
[WhiteElo "2110"]
[BlackElo "1661"]
[PlyCount "75"]
[EventDate "2019.01.18"]
[EventType "swiss"]
[EventCountry "BLR"]
[TimeControl "5400+30"]

1. d4 d5 2. Nf3 Nf6 3. c4 e6 4. g3 c6 5. Bg2 Bb4+ 6. Nbd2 Nbd7 7. O-O O-O 8. Qc2 Bd6 9. e4 dxe4 10. Nxe4 Nxe4 11. Qxe4 Nf6 12. Qe2 Bd7 13. b3 a5 14. Bb2 a4 15. Ne5 axb3 16. axb3 Qe7 17. Rfd1 Rfe8 18. f4 Ba3 19. Bc3 Bb4 20. Bxb4 Qxb4 21. g4 Rxa1 22. Rxa1 Qc3 23. Rd1 Bc8 24. g5 Nd7 25. Qd3 Qxd3 26. Nxd3 f6 27. h4 Kf7 28. Bh3 h6 29. gxh6 gxh6 30. Kf2 Rg8 31. Re1 Nf8 32. h5 b6 33. Ra1 Ke7 34. Bg2 e5 35. Ra7+ Ke6 36. fxe5 Rg5 37. Bh3+ Rf5+ 38. Nf4# 1-0

[Event "XVII Orsha-2019 Open"]
[Site "Orsha"]
[Date "2019.01.18"]
[Round "1.25"]
[White "Gusenkova, Karina"]
[Black "Navumenka, Mikhei"]
[Result "0-1"]
[ECO "A22"]
[WhiteElo "1642"]
[BlackElo "2104"]
[PlyCount "64"]
[EventDate "2019.01.18"]
[EventType "swiss"]
[EventCountry "BLR"]
[TimeControl "5400+30"]

1. c4 e5 2. Nc3 Nf6 3. e4 Bb4 4. d3 c6 5. a3 Bxc3+ 6. bxc3 O-O 7. Nf3 d5 8. Bg5 dxe4 9. Bxf6 Qxf6 10. dxe4 Nd7 11. Be2 Nc5 12. Qc2 Re8 13. O-O Qg6 14. Nd2 a5 15. a4 h5 16. Bf3 Bg4 17. Rfe1 Rad8 18. Bxg4 hxg4 19. Nb3 Nd3 20. Re3 Nf4 21. Rd1 Qh5 22. Rb1 Re6 23. f3 gxf3 24. Rxf3 Rg6 25. Rxf4 exf4 26. Nd4 f3 27. g3 c5 28. Nf5 Re6 29. Rxb7 Qg5 30. Rb2 g6 31. Nh4 Qe3+ 32. Kh1 Qe1# 0-1

[Event "XVII Orsha-2019 Open"]
[Site "Orsha"]
[Date "2019.01.18"]
[Round "1.26"]
[White "Gabdrakipov, Ilshat"]
[Black "Nikolaev, Dmitry"]
[Result "1/2-1/2"]
[ECO "C00"]
[WhiteElo "2098"]
[BlackElo "1634"]
[PlyCount "133"]
[EventDate "2019.01.18"]
[EventType "swiss"]
[EventCountry "BLR"]
[TimeControl "5400+30"]

1. e4 e6 2. b3 d5 3. Bb2 Nf6 4. e5 Nfd7 5. Qg4 c5 6. Bb5 a6 7. Bxd7+ Bxd7 8. h4 h5 9. Qe2 Nc6 10. Nf3 Be7 11. d4 cxd4 12. Nxd4 Nxd4 13. Bxd4 Bb5 14. Qf3 f6 15. Nc3 fxe5 16. Nxb5 axb5 17. Bxe5 Bf6 18. Qe2 Bxe5 19. Qxe5 Qf6 20. Qxf6 gxf6 21. Rh3 Rg8 22. Kf1 Ke7 23. Rd3 Ra3 24. Rd4 Rc8 25. Rb4 Rc5 26. Ke1 e5 27. Kd2 d4 28. Kc1 Ke6 29. Kb2 Ra8 30. Rd1 Kf5 31. Rd2 Kg4 32. g3 Kf3 33. a4 f5 34. Rxb5 Rxb5 35. axb5 Ra5 36. c3 dxc3+ 37. Kxc3 Rxb5 38. Kc4 Rb6 39. b4 e4 40. b5 e3 41. fxe3 Kxg3 42. Rd4 Re6 43. Kd3 Re5 44. Rb4 b6 45. Kd2 Re4 46. Rd4 Rxh4 47. Rd6 Rb4 48. Rxb6 h4 49. Kc3 Re4 50. Rg6+ Kh2 51. Kd3 h3 52. b6 Rb4 53. Rg5 Rxb6 54. Rxf5 Rh6 55. Rg5 Kh1 56. e4 h2 57. Ke2 Rb6 58. e5 Rb2+ 59. Kf3 Rb1 60. e6 Rf1+ 61. Ke4 Rg1 62. Rh5 Re1+ 63. Kf5 Kg2 64. Rxh2+ Kxh2 65. Kf6 Kg3 66. e7 Kg4 67. Kf7 1/2-1/2

[Event "XVII Orsha-2019 Open"]
[Site "Orsha"]
[Date "2019.01.18"]
[Round "1.27"]
[White "Slesareva, Miraslava"]
[Black "Kuleshov, Konstantin"]
[Result "0-1"]
[ECO "A80"]
[WhiteElo "1626"]
[BlackElo "2098"]
[PlyCount "80"]
[EventDate "2019.01.18"]
[EventType "swiss"]
[EventCountry "BLR"]
[TimeControl "5400+30"]

1. d4 f5 2. Nf3 Nf6 3. Bf4 g6 4. e3 Bg7 5. Bc4 e6 6. h3 d6 7. c3 Qe7 8. O-O O-O 9. b4 h6 10. Bh2 Kh7 11. Nbd2 Nbd7 12. Ne1 e5 13. Nc2 Ne4 14. Nxe4 fxe4 15. f3 Nb6 16. Bb3 Bf5 17. f4 exf4 18. Bxf4 a5 19. a3 Be6 20. Bxe6 Qxe6 21. Qe2 Qb3 22. Rfc1 Nd5 23. Bg3 Qxc3 24. Bf2 Qd3 25. Qe1 Nc3 26. Kh1 Ne2 27. Rd1 Qxc2 28. Rd2 Qxd2 29. Qxd2 Rxf2 30. Kh2 Raf8 31. Qe1 Rf1 32. Qxf1 Rxf1 33. Rxf1 axb4 34. axb4 Nc3 35. Rf7 Nd5 36. b5 b6 37. Kg1 Kg8 38. Rd7 Bf6 39. Kf2 Be7 40. g4 Kf7 0-1

[Event "XVII Orsha-2019 Open"]
[Site "Orsha"]
[Date "2019.01.18"]
[Round "1.28"]
[White "Pogosian, Georgy"]
[Black "Kuleba, Ivan"]
[Result "0-1"]
[ECO "D12"]
[WhiteElo "2090"]
[BlackElo "1617"]
[PlyCount "118"]
[EventDate "2019.01.18"]
[EventType "swiss"]
[EventCountry "BLR"]
[TimeControl "5400+30"]

1. d4 d5 2. Nf3 Nf6 3. c4 c6 4. Nc3 Bg4 5. Ne5 Bf5 6. e3 e6 7. g4 Bg6 8. h4 dxc4 9. Bxc4 Be4 10. Nxe4 Nxe4 11. Qf3 Nd6 12. Bb3 Nd7 13. Bd2 a5 14. Nxd7 Kxd7 15. e4 Ke8 16. Bc3 a4 17. Bc2 Nb5 18. Rd1 a3 19. Bb3 axb2 20. Bxb2 Bb4+ 21. Kf1 Qf6 22. Qe2 Bc3 23. g5 Qf4 24. Bc1 Qc7 25. Qc4 Qa5 26. Rh3 Qb4 27. a4 Rxa4 28. Qxb4 Rxb4 29. Bc2 Rxd4 30. Bd3 Rd7 31. Ke2 Nd4+ 32. Ke3 e5 33. f4 exf4+ 34. Kxf4 Ne6+ 35. Kg4 Bd4 36. Bc4 Be5 37. Rxd7 Kxd7 38. Rd3+ Kc7 39. Kf5 Ba1 40. Bxe6 g6+ 41. Kg4 fxe6 42. Ba3 Rd8 43. Rf3 Rd7 44. h5 b5 45. Bc5 Bd4 46. Bxd4 Rxd4 47. Rf7+ Rd7 48. hxg6 hxg6 49. Rf6 Rg7 50. Rxe6 b4 51. Rf6 c5 52. e5 b3 53. Rf2 c4 54. Rf4 Kd8 55. Rxc4 Rb7 56. Rc1 b2 57. Rb1 Rb4+ 58. Kf3 Ke7 59. Ke3 Ke6 0-1

[Event "XVII Orsha-2019 Open"]
[Site "Orsha"]
[Date "2019.01.18"]
[Round "1.29"]
[White "Kulikov, Egor"]
[Black "Elkin, Leonid"]
[Result "0-1"]
[ECO "C02"]
[WhiteElo "1557"]
[BlackElo "2085"]
[PlyCount "74"]
[EventDate "2019.01.18"]
[EventType "swiss"]
[EventCountry "BLR"]
[TimeControl "5400+30"]

1. e4 c5 2. c3 e6 3. d4 d5 4. e5 Qb6 5. Nf3 Bd7 6. a3 Bb5 7. Bd3 Bxd3 8. Qxd3 Qa6 9. Qxa6 Nxa6 10. b4 c4 11. b5 Nb8 12. a4 a6 13. b6 a5 14. Ba3 Ne7 15. Bd6 Nc8 16. Bxf8 Rxf8 17. Na3 Ra6 18. Kd2 Rxb6 19. Rhb1 Rxb1 20. Rxb1 b6 21. Nb5 Kd7 22. Nd6 Kc6 23. Nxc8 Rxc8 24. Ng5 h6 25. Nf3 Nd7 26. Ne1 Rb8 27. Rb5 f6 28. f4 g5 29. g3 gxf4 30. gxf4 Rg8 31. Rb1 Rg1 32. Ke2 Rh1 33. Kf2 Rxh2+ 34. Ng2 Rh3 35. Ne3 fxe5 36. dxe5 Nc5 37. Ra1 Ne4+ 0-1

[Event "XVII Orsha-2019 Open"]
[Site "Orsha"]
[Date "2019.01.18"]
[Round "1.30"]
[White "Semenov, Rinat"]
[Black "Sukalina, Alina"]
[Result "0-1"]
[ECO "D37"]
[WhiteElo "2081"]
[BlackElo "1546"]
[PlyCount "62"]
[EventDate "2019.01.18"]
[EventType "swiss"]
[EventCountry "BLR"]
[TimeControl "5400+30"]

1. d4 d5 2. c4 e6 3. Nf3 Nf6 4. Nc3 Be7 5. Bf4 O-O 6. e3 b6 7. Bd3 Bb7 8. O-O c5 9. dxc5 bxc5 10. cxd5 exd5 11. Qa4 Bd6 12. Bg5 Nbd7 13. Rfd1 Qb6 14. Qc2 Bc6 15. Rac1 Rfe8 16. Bf5 Qb7 17. Na4 Ne4 18. Bh4 g6 19. Bh3 Bf8 20. Nd2 Nxd2 21. Rxd2 Re4 22. Bxd7 Bxd7 23. Nc3 Rxh4 24. Nxd5 Bc6 25. Nf4 Rg4 26. g3 Rg5 27. h4 Re5 28. Nd3 Ree8 29. Nxc5 Bxc5 30. Qxc5 Bh1 31. f4 Rac8 0-1

[Event "XVII Orsha-2019 Open"]
[Site "Orsha"]
[Date "2019.01.18"]
[Round "1.31"]
[White "Masterova, Daria"]
[Black "Kirilin, Dmitrij"]
[Result "0-1"]
[ECO "B50"]
[WhiteElo "1500"]
[BlackElo "2074"]
[PlyCount "82"]
[EventDate "2019.01.18"]
[EventType "swiss"]
[EventCountry "BLR"]
[TimeControl "5400+30"]

1. e4 c5 2. Nc3 d6 3. Nf3 a6 4. g3 Nc6 5. Bg2 g6 6. d3 Bg7 7. O-O e6 8. Be3 Nd4 9. Rb1 Ne7 10. Ne2 Nec6 11. c3 Nxf3+ 12. Bxf3 O-O 13. d4 b6 14. Qd2 Bb7 15. Bh6 b5 16. h4 Bxh6 17. Qxh6 Qf6 18. Qe3 e5 19. d5 Nb8 20. Kg2 Nd7 21. Rh1 Qg7 22. h5 f5 23. hxg6 hxg6 24. Rh3 Nf6 25. Rbh1 Kf7 26. b3 Rh8 27. c4 Rxh3 28. Rxh3 Rh8 29. Ng1 Bc8 30. Rxh8 Qxh8 31. Nh3 Qxh3+ 32. Kxh3 f4+ 33. Kh4 fxe3 34. fxe3 Nh7 35. a3 Kf6 36. cxb5 axb5 37. Be2 Bd7 38. Bf1 Ng5 39. Bg2 c4 40. bxc4 bxc4 41. Bf1 Nf3# 0-1

[Event "XVII Orsha-2019 Open"]
[Site "Orsha"]
[Date "2019.01.18"]
[Round "1.32"]
[White "Vifleemskaia, Svetlana"]
[Black "Shaban, Aliaksandra"]
[Result "1-0"]
[ECO "D85"]
[WhiteElo "2030"]
[BlackElo "1482"]
[PlyCount "35"]
[EventDate "2019.01.18"]
[EventType "swiss"]
[EventCountry "BLR"]
[TimeControl "5400+30"]

1. d4 Nf6 2. c4 g6 3. Nc3 d5 4. cxd5 Nxd5 5. e4 Nxc3 6. bxc3 Bg7 7. Nf3 Bg4 8. Rb1 Qc8 9. h3 Bxf3 10. Qxf3 O-O 11. Ba3 Re8 12. Bc4 e6 13. e5 c6 14. h4 b5 15. Bd3 Nd7 16. h5 Bf8 17. hxg6 fxg6 18. Rxh7 1-0

[Event "XVII Orsha-2019 Open"]
[Site "Orsha"]
[Date "2019.01.18"]
[Round "1.33"]
[White "Borodulin, Pavel"]
[Black "Khobotova, Olesia"]
[Result "0-1"]
[ECO "A59"]
[WhiteElo "1481"]
[BlackElo "1978"]
[PlyCount "48"]
[EventDate "2019.01.18"]
[EventType "swiss"]
[EventCountry "BLR"]
[TimeControl "5400+30"]

1. d4 Nf6 2. c4 c5 3. d5 b5 4. cxb5 a6 5. bxa6 g6 6. Nc3 Bxa6 7. e4 Bxf1 8. Kxf1 d6 9. Nf3 Bg7 10. Bg5 Nbd7 11. g3 O-O 12. Kg2 Qb6 13. Qd2 Rfb8 14. Rhb1 Qb4 15. a3 Qc4 16. Qc2 h6 17. Nd2 Qa6 18. Be3 Ng4 19. Nf1 c4 20. h3 Nge5 21. b4 cxb3 22. Rxb3 Rc8 23. Qe2 Nd3 24. Rd1 Rxc3 0-1

[Event "XVII Orsha-2019 Open"]
[Site "Orsha"]
[Date "2019.01.18"]
[Round "1.34"]
[White "Bury, Gleb M"]
[Black "Karas, Andrei"]
[Result "1-0"]
[ECO "B38"]
[WhiteElo "1961"]
[BlackElo "1422"]
[PlyCount "73"]
[EventDate "2019.01.18"]
[EventType "swiss"]
[EventCountry "BLR"]
[TimeControl "5400+30"]

1. e4 c5 2. Nf3 Nc6 3. d4 cxd4 4. Nxd4 g6 5. c4 Bg7 6. Be3 Nf6 7. Nc3 O-O 8. Be2 d6 9. O-O Bd7 10. f4 Nxd4 11. Bxd4 Bc6 12. Bf3 e6 13. Kh1 Qa5 14. a3 Rfd8 15. b4 Qc7 16. Rc1 Qe7 17. Re1 e5 18. Be3 b6 19. Qd2 Qb7 20. Nd5 Nxd5 21. exd5 Bd7 22. fxe5 Bxe5 23. Bf4 f6 24. Bxe5 dxe5 25. c5 Bb5 26. Qc2 bxc5 27. bxc5 Kg7 28. Red1 Rac8 29. a4 Be8 30. c6 Qa6 31. d6 Bd7 32. h3 Bf5 33. Be4 Bxe4 34. Qxe4 Qb6 35. Qd5 a5 36. d7 Rc7 37. Qd6 1-0

[Event "XVII Orsha-2019 Open"]
[Site "Orsha"]
[Date "2019.01.18"]
[Round "1.35"]
[White "Dolgopyatov, Andrey"]
[Black "Parshin, Maxim"]
[Result "1/2-1/2"]
[ECO "A80"]
[WhiteElo "1393"]
[BlackElo "1956"]
[PlyCount "78"]
[EventDate "2019.01.18"]
[EventType "swiss"]
[EventCountry "BLR"]
[TimeControl "5400+30"]

1. d4 f5 2. Nf3 Nf6 3. Bg5 e6 4. a3 Be7 5. c4 O-O 6. e3 d5 7. Ne5 Ne4 8. Bxe7 Qxe7 9. Qc2 Nd7 10. Nf3 Ndf6 11. Nc3 c6 12. Bd3 Bd7 13. O-O Nd6 14. Ne5 Kh8 15. Qe2 g5 16. Qf3 g4 17. Qe2 Rg8 18. Kh1 Be8 19. b3 Qg7 20. f3 gxf3 21. Qxf3 Bh5 22. Qf4 Nf7 23. Qh4 Bg6 24. Nf3 Ng4 25. Rae1 e5 26. dxe5 Nfxe5 27. Nxe5 Qxe5 28. h3 Nf6 29. Re2 Raf8 30. Ref2 Nd7 31. Rf3 Rg7 32. g4 dxc4 33. Bxf5 Bxf5 34. Rxf5 Rxf5 35. Rxf5 Qe7 36. Qf2 h6 37. e4 Kh7 38. Qd4 Qe6 39. Ne2 Re7 1/2-1/2